 Dungeon Crawl Stone Soup version 0.18.1-50-g88ac8fd (webtiles) character file.

115 theElss the Conjurer (level 4, -3/29 HPs)
             Began as a High Elf Conjurer on Sept 24, 2016.
             Slain by an orc priest
             ... wielding a +0 trident
              (7 damage)
             ... on level 3 of the Dungeon.
             The game lasted 00:06:24 (3033 turns).

theElss the Conjurer (High Elf Conjurer)            Turns: 3033, Time: 00:06:25

Health: -3/29      AC:  2    Str:  7    XL:     4   Next: 68%
Magic:  0/9        EV: 13    Int: 19    God:
Gold:   60         SH:  0    Dex: 16    Spells: 2 memorised, 6 levels left

rFire  . . .     SeeInvis .     f - +0 dagger
rCold  . . .     Gourm    .     a - +0 robe
rNeg   . . .     Faith    .     (no shield)
rPois  .         Spirit   .     (no helmet)
rElec  .         Dismiss  .     (no cloak)
rCorr  .         Reflect  .     (no gloves)
SustAt .         Harm     .     (no boots)
MR     .....                    (no amulet)
Stlth  ++........               (no ring)
                                (no ring)

@: very slightly contaminated, not resistant to hostile enchantments, unstealthy
A: no striking features
a: no special abilities


You were on level 3 of the Dungeon.
You were not hungry.

You visited 1 branch of the dungeon, and saw 3 of its levels.

You collected 60 gold pieces.

Inventory:

Hand Weapons
 f - a +0 dagger (weapon)
Armour
 a - a +0 robe (worn)
Scrolls
 d - 2 scrolls of remove curse {unknown}
 g - a scroll of teleportation {unknown}
 i - a scroll of magic mapping {unknown}
 j - a scroll of recharging {unknown}
 l - 4 scrolls of identify {unknown}
 m - 2 scrolls of amnesia {unknown}
 q - a scroll of enchant armour {unknown}
 r - a scroll of noise {unknown}
Potions
 e - a potion of degeneration {unknown}
 h - 5 potions of curing {unknown}
 n - a potion of agility {unknown}
 p - a potion of brilliance {unknown}
Books
 b - a book of Conjurations

   Spells                             Type                      Level
   a - Magic Dart                     Conjuration                  1
   b - Searing Ray                    Conjuration                  2
   c - Dazzling Spray                 Conjuration/Hexes            3
   d - Fulminant Prism                Conjuration/Hexes            4
   e - Iskenderun's Mystic Blast      Conjuration                  4
   f - Iskenderun's Battlesphere      Conjuration/Charms           5
Comestibles
 c - 2 bread rations
 k - 3 chunks of flesh
 o - a royal jelly


   Skills:
 * Level 1.7 Fighting
 + Level 2.5 Dodging
 - Level 2.1 Stealth
 + Level 3.2 Spellcasting
 + Level 5.7 Conjurations


You had 6 spell levels left.
You knew the following spells:

 Your Spells              Type           Power        Failure   Level  Hunger
a - Magic Dart            Conj           ####         1%          1    None
c - Searing Ray           Conj           ####..       1%          2    ##.....


Dungeon Overview and Level Annotations

Branches:
Dungeon (3/15)

Altars:
Dithmenos
Pakellas
Ru


Message History

The searing ray hits the orc priest.
The orc priest is almost dead.
The orc priest calls down the wrath of Beogh upon you.
Beogh smites you!
* * * LOW HITPOINT WARNING * * *
Casting: Searing Ray
Confirm with . or Enter, or press ? or * to list all spells.
You don't have enough magic to cast that spell.
Unknown command.
The orc priest closely misses you.
There is a stone staircase leading down here.
Casting: Searing Ray
Confirm with . or Enter, or press ? or * to list all spells.
Aiming: Magic Dart
Press: ? - help, Shift-Dir - straight line, f/p - orc priest
Aim: an orc priest, wielding a trident and wearing a leather armour (severely wounded)
The magic dart hits the orc priest.
The orc priest is almost dead.
The orc priest hits you with a trident!
You die...

#.# #.# ..# #.#.#
#.#.# #.#.# #.#o#
##### #.#@# ....#
#.#.# ###.# #.#.#
#.# ######.#.#
###.#####...##.#.#
.##............).#
...............###
.##.#####..#####
....# #..#


You could see an orc priest.

Vanquished Creatures
  Terence (D:2)
  4 adders (D:2)
  2 dart slugs
  2 ball pythons
  3 giant cockroaches
  5 goblins
  4 hobgoblins
  5 jackals (D:2)
  4 kobolds
  2 quokkas (D:3)
  3 bats
  4 giant newts
  10 rats
49 creatures vanquished.

Notes
Turn   | Place    | Note
--------------------------------------------------------------
     0 | D:1      | theElss the High Elf Conjurer began the quest for the Orb.
     0 | D:1      | Reached XP level 1. HP: 11/11 MP: 4/4
   435 | D:1      | Reached XP level 2. HP: 17/17 MP: 4/6
   471 | D:1      | Learned a level 2 spell: Searing Ray
  1219 | D:2      | Found a shadowy altar of Dithmenos.
  1272 | D:2      | Found an oddly glowing altar of Pakellas.
  1294 | D:2      | Found a sacrificial altar of Ru.
  1356 | D:2      | Reached skill level 5 in Conjurations
  1469 | D:2      | Reached skill level 1 in Fighting
  1469 | D:2      | Reached XP level 3. HP: 23/23 MP: 0/8
  1701 | D:2      | Noticed Terence
  2023 | D:2      | Killed Terence
  2023 | D:2      | Reached XP level 4. HP: 17/28 MP: 0/9
  3033 | D:3      | Slain by an orc priest

Skill      XL: |  1  2  3 |
---------------+----------+-----
Conjurations   | 5 |  5.7
Fighting       | 1 |  1.7
Spellcasting   | 3 |  3.2
Dodging        | |  2.5
Stealth        | |  2.1

Action                   |  1- 3 |  4- 6 || total
-------------------------+-------+-------++-------
Melee: Dagger            |     6 |       ||     6
 Cast: Magic Dart        |    64 |    25 ||    89
       Searing Ray       |     2 |     3 ||     5
  Eat: Chunk             |     3 |     4 ||     7
Armor: Robe              |     2 |     1 ||     3
Dodge: Dodged            |    13 |     2 ||    15
